 Dungeon Sprint DCSS version 0.29-a0-321-gf1c400731a (webtiles) character file.

Game seed: 13620210686277041582

9592 mhtbhm the Bludgeoner (level 11, -22/186 HPs)
             Began as a Minotaur Berserker on Apr 3, 2022.
             Was the Champion of Trog.
             Annihilated by an orc knight
             ... wielding a +0 glaive
              (47 damage)
             ... while paralysed by an orc sorcerer
             ... in the Dungeon (Sprint III: "The Ten Rune Challenge").
             The game lasted 00:03:33 (2625 turns).

mhtbhm the Bludgeoner (Minotaur Berserker)          Turns: 2625, Time: 00:03:34

Health: -22/186    AC:  7    Str: 25    XL:     11   Next: 25%
Magic:  10/10      EV:  2    Int:  4    God:    Trog [******]
Gold:   56         SH:  0    Dex: 18    Spells: 10/10 levels left

rFire   . . .      SeeInvis .   a - +3 morningstar of the Revolution {vorpal, rElec Dex+7}
rCold   . . .      Faith    .   (no shield)
rNeg    . . .      Spirit   .   b - +0 leather armour
rPois   .          Reflect  .   (helmet restricted)
rElec   +          Harm     .   j - +0 cloak
rCorr   .          Rampage  .   (no gloves)
Will    .....      NoTele   +   (no boots)
Stlth   ..........              (no amulet)
HPRegen 0.41/turn               (no ring)
MPRegen 0.12/turn               (no ring)

@: paralysed, berserking (expiring)
A: horns 2, retaliatory headbutt, iridescent scales 1, sense surroundings 1
a: Renounce Religion, Berserk, Trog's Hand, Brothers in Arms


You were in the Dungeon.
You worshipped Trog.
Trog was exalted by your worship.
You visited 1 branch You collected 56 gold pieces.

Inventory:

Hand Weapons
 a - the +3 morningstar of the Revolution (weapon) {vorpal, rElec Dex+7}
   (Trog gifted it to you in the Dungeon)

   It inflicts extra damage upon your enemies.
   Dex:       It affects your dexterity (+7).
   rElec:     It insulates you from electricity.
Missiles
 r - 6 silver javelins (quivered)
 s - 7 curare-tipped darts
Armour
 b - a +0 leather armour (worn)
 j - a +0 cloak (worn)
Wands
 i - a wand of flame (8)
Scrolls
 h - 2 scrolls of blinking
 k - a scroll of immolation {unknown}
 m - a scroll of holy word {unknown}
 n - 2 scrolls of identify
Potions
 c - a potion of curing
 d - 2 potions of heal wounds
 e - a potion of haste
 f - 2 potions of magic
 g - a potion of berserk rage
 l - 2 potions of flight {unknown}
 o - a potion of mutation
 q - a potion of resistance {unknown}
Miscellaneous
 p - a phantom mirror (inert)


   Skills:
 + Level 19.7 Fighting
 + Level 19.9 Maces & Flails
 + Level 10.5 Armour
 + Level 11.4 Dodging
 + Level 6.4 Stealth
 + Level 0.6 Evocations


You had 10 spell levels left.
You didn't know any spells.
Your spell library was empty.

Dungeon Overview and Level Annotations

Branches:
Dungeon (1/1)

Altars:
Cheibriados
Dithmenos
Elyvilon
Fedhas
Gozag
Hepliaklqana
Kikubaaqudgha
Makhleb
Nemelex Xobeh
Okawaru
Qazlal
Ru
Sif Muna
Trog
Uskayaw
Vehumet
Wu Jian
Xom
Yredelemnul
Zin
The Shining One
Beogh
Jiyva
Lugonu

Shops:
D [


Innate Abilities, Weirdness & Mutations

You have a pair of horns on your head.
You reflexively headbutt those who attack you in melee.
You are partially covered in iridescent scales. (AC +2)
You passively map a small area around you.


Message History

Trog appreciates your killing of a magic user.
Reactivating autopickup.
You feel a bit more experienced.
The orc knight hits you from afar with a +0 glaive!!
Your orc knight closely misses the orc warrior.
Your orc knight hits the orc knight but does no damage.
The orc priest hits you with a +0 hand axe.
The orc warrior closely misses you.
The orc warrior closely misses your orc knight.
You barely miss the orc priest.
Unknown command.
You crush the orc priest like a grape!!!
You feel the power of Trog in you as your rage grows.
You kill the orc priest!
Trog accepts your kill. Trog grants you a weapon!
Something appears at your feet!
You see here a +3 battleaxe of flaming.
Unknown command.
You hit the orc warrior.
The orc warrior is moderately wounded.
Your orc knight shimmers and vanishes!
The orc sorcerer points at you and mumbles some strange words.
The bolt of fire misses you.
The orc knight hits you from afar with a +0 glaive!!
* * * LOW HITPOINT WARNING * * *
The orc warrior barely misses you.
You hammer the orc warrior like a gong!!!
You kill the orc warrior!
Trog accepts your kill.
Unknown command.
Items here: ( ) [ †.
You feel a strong urge to attack something.
The orc sorcerer points at you and mumbles some strange words.
You suddenly lose the ability to move!
The orc knight hits you with a +0 glaive!!
* * * LOW HITPOINT WARNING * * *
The orc sorcerer casts a spell at you. You resist with significant effort.
The orc knight hits you with a +0 glaive!!!
You die...

▓▓▓ ▓ *▓ ##.############$## $## $
** #..#___#___#__##$##$$#$$ *
#..#)..#__)#._#..oo..)..
#..###'#'###)##)@oo....#** ,, ≈
#..#..........#))o.o...# *
...'.⌠........#)###∩#.## , *
...#...######'#$# #* * *
...#.⌠.#__#...#'#################
...#...#__#...#....#.#.#.....#...
...#)###__#..)##.#).#.##.###.#^..
...#.).#__#...'##)#.#.##.#.)##...
...#___#__'...#..)#..#..##..)^...


You could see an orc knight (strong), an orc sorcerer (strong), an orc warrior
(strong), an orc priest (strong) and 2 orcs.

Vanquished Creatures
  Sigmund (D)
  Erolcha (D)
  Urug (D)
  A lindwurm (D)
  An orc knight (D)
  A deep elf pyromancer (D)
  Edmund (D)
  2 cane toads (D)
  A rime drake (D)
  A komodo dragon (D)
  2 tyrant leeches (D)
  A shadow (D)
  3 wandering mushrooms (D)
  A spatial vortex (D)
  5 redbacks (D)
  2 orc warriors (D)
  A swamp drake (D)
  5 two-headed ogres (D)
  A necrophage (D)
  A water elemental (D)
  A jelly (D)
  An orc priest (D)
  Crazy Yiuf (D)
  Jessica (D)
  A wizard (D)
  A necromancer (D)
  4 orc wizards (D)
  3 humans (D)
  A kobold demonologist (D)
  An endoplasm (D)
  2 rats (D)
50 creatures vanquished.

Vanquished Creatures (collateral kills)
  2 orcs (D)
2 creatures vanquished.

Grand Total: 52 creatures vanquished

Notes
Turn   | Place    | Note
-------+----------+-------------------------------------------
     0 | D        | mhtbhm the Minotaur Berserker began the quest for the Orb.
     0 | D        | Reached XP level 1. HP: 19/19 MP: 0/0
    41 | D        | Noticed Jessica
    44 | D        | Killed Jessica
    44 | D        | Reached ** piety under Trog
    45 | D        | Reached skill level 5 in Fighting
    45 | D        | Reached skill level 5 in Maces & Flails
    45 | D        | Reached XP level 2. HP: 26/30 MP: 1/1
    93 | D        | Reached XP level 3. HP: 32/37 MP: 2/2
   135 | D        | Noticed Crazy Yiuf
   145 | D        | Killed Crazy Yiuf
   146 | D        | Reached XP level 4. HP: 47/47 MP: 3/3
   180 | D        | Gained mutation: You are weak. (Str -2) [potion of
                  | mutation]
   180 | D        | Gained mutation: Your mind is acute. (Int +2) [potion of
                  | mutation]
   180 | D        | Gained mutation: You possess an exceptional clarity of
                  | mind. [potion of mutation]
   318 | D        | Lost mutation: You possess an exceptional clarity of mind.
                  | [potion of mutation]
   318 | D        | Lost mutation: Your mind is acute. (Int +2) [potion of
                  | mutation]
   318 | D        | Lost mutation: You are weak. (Str -2) [potion of mutation]
   318 | D        | Gained mutation: You are somewhat resistant to further
                  | mutation. [potion of mutation]
   318 | D        | Gained mutation: You expend magic power (3 MP) to
                  | strengthen your wands. [potion of mutation]
   319 | D        | Lost mutation: You are somewhat resistant to further
                  | mutation. [potion of mutation]
   319 | D        | Lost mutation: You expend magic power (3 MP) to strengthen
                  | your wands. [potion of mutation]
   319 | D        | Gained mutation: Your mind is acute. (Int +2) [potion of
                  | mutation]
   319 | D        | Gained mutation: You are frail. (-10% HP) [potion of
                  | mutation]
   319 | D        | Gained mutation: You have sharp toenails. [potion of
                  | mutation]
   320 | D        | Lost mutation: Your mind is acute. (Int +2) [potion of
                  | mutation]
   320 | D        | Lost mutation: You have sharp toenails. [potion of
                  | mutation]
   320 | D        | Lost mutation: You are frail. (-10% HP) [potion of
                  | mutation]
   320 | D        | Gained mutation: You are partially covered in iridescent
                  | scales. (AC +2) [potion of mutation]
   320 | D        | Gained mutation: You passively map a small area around you.
                  | [potion of mutation]
   355 | D        | Noticed a water elemental
   358 | D        | Killed a water elemental
   358 | D        | Reached *** piety under Trog
   417 | D        | Found a basalt altar of Yredelemnul.
   417 | D        | Found a shadowy altar of Dithmenos.
   417 | D        | Found a sacrificial altar of Ru.
   417 | D        | Noticed a necrophage
   419 | D        | Reached XP level 5. HP: 56/56 MP: 4/4
   426 | D        | Reached skill level 5 in Armour
   426 | D        | Reached skill level 1 in Stealth
   461 | D        | Found a radiant altar of Vehumet.
   461 | D        | Found a shimmering blue altar of Sif Muna.
   461 | D        | Found an ancient bone altar of Kikubaaqudgha.
   464 | D        | Reached **** piety under Trog
   498 | D        | Found a hide-covered altar of Uskayaw.
   498 | D        | Found an iron altar of Okawaru.
   498 | D        | Found a bloodstained altar of Trog.
   498 | D        | Found an ornate altar of the Wu Jian Council.
   498 | D        | Noticed a human
   499 | D        | Noticed a human
   506 | D        | Killed a human
   507 | D        | Reached skill level 5 in Dodging
   507 | D        | Reached XP level 6. HP: 68/68 MP: 5/5
   509 | D        | Killed a human
   510 | D        | Reached XP level 7. HP: 74/74 MP: 6/6
   572 | D        | Found a glowing silver altar of Zin.
   572 | D        | Found a glowing golden altar of the Shining One.
   572 | D        | Found a white marble altar of Elyvilon.
   573 | D        | Noticed a deep elf pyromancer
   579 | D        | Noticed a fire elemental
   582 | D        | Killed a deep elf pyromancer
   582 | D        | Reached ***** piety under Trog
   794 | D        | Noticed a shadow
   805 | D        | Killed a shadow
   806 | D        | Reached XP level 8. HP: 62/86 MP: 7/7
   889 | D        | Found a blossoming altar of Fedhas.
   889 | D        | Found a stormy altar of Qazlal.
   889 | D        | Found a snail-covered altar of Cheibriados.
   889 | D        | Found a burning altar of Makhleb.
   889 | D        | Found a shimmering altar of Xom.
   890 | D        | Found a hazy altar of Hepliaklqana.
   890 | D        | Found an opulent altar of Gozag.
   890 | D        | Found a sparkling altar of Nemelex Xobeh.
   890 | D        | Found a corrupted altar of Lugonu.
   890 | D        | Found a viscous altar of Jiyva.
  1090 | D        | Noticed a two-headed ogre
  1110 | D        | Killed a two-headed ogre
  1140 | D        | Noticed a two-headed ogre
  1140 | D        | Noticed Erolcha
  1147 | D        | Killed Erolcha
  1148 | D        | Reached skill level 15 in Fighting
  1148 | D        | Reached skill level 15 in Maces & Flails
  1148 | D        | Reached XP level 9. HP: 97/97 MP: 8/8
  1153 | D        | Killed a two-headed ogre
  1153 | D        | Reached ****** piety under Trog
  1155 | D        | Identified the +3 morningstar of the Revolution {vorpal,
                  | rElec Dex+7} (Trog gifted it to you in the Dungeon)
  1155 | D        | Received a gift from Trog
  1541 | D        | Noticed a wandering mushroom
  1545 | D        | Noticed a wandering mushroom
  1547 | D        | Noticed a wandering mushroom
  1559 | D        | Killed a wandering mushroom
  1563 | D        | Killed a wandering mushroom
  1596 | D        | Noticed a cane toad
  1596 | D        | Noticed a komodo dragon
  1596 | D        | Noticed a cane toad
  1603 | D        | Killed a cane toad
  1608 | D        | Killed a cane toad
  1609 | D        | Reached XP level 10. HP: 110/110 MP: 9/9
  1615 | D        | Received a gift from Trog
  2089 | D        | Noticed a lindwurm
  2096 | D        | Killed a lindwurm
  2097 | D        | Reached skill level 10 in Dodging
  2328 | D        | Noticed Urug
  2334 | D        | Killed Urug
  2335 | D        | Reached skill level 5 in Stealth
  2515 | D        | Noticed Edmund
  2517 | D        | Noticed Sigmund
  2523 | D        | Killed Sigmund
  2524 | D        | Reached skill level 10 in Armour
  2524 | D        | Reached XP level 11. HP: 123/123 MP: 10/10
  2530 | D        | Killed Edmund
  2600 | D        | Noticed an orc knight
  2600 | D        | Noticed an orc high priest
  2600 | D        | Noticed an orc knight
  2600 | D        | Noticed an orc sorcerer
  2605 | D        | Received a gift from Trog
  2611 | D        | Found Iwaor's Antique Armour Shoppe.
  2616 | D        | Killed an orc knight
  2620 | D        | Received a gift from Trog
  2624 | D        | Paralysed by an orc sorcerer for 7 turns
  2625 | D        | Annihilated by an orc knight

Illustrated notes

Levels and vault maps discovered:
D:        dungeon_sprint_mu [sprint_mu_entry_cave, sprint_mu_temple_rooms,
          sprint_mu_d1_spiders, sprint_mu_d2_genie, sprint_mu_d3_branching,
          sprint_mu_orc_legion, sprint_mu_elf_gauntlet, sprint_mu_hive_nellie,
          sprint_mu_lair_fedhas, sprint_mu_vaults_butterflies,
          sprint_mu_slime_circle, sprint_mu_shoals_kraken,
          sprint_mu_snake_twists, sprint_mu_blade_basic,
          sprint_mu_crypt_chambers, sprint_mu_tomb_spiral,
          sprint_mu_vestibule_basic, sprint_mu_gehenna_hellfire,
          sprint_mu_dis_giant, sprint_mu_tartarus_statrot,
          sprint_mu_cocytus_islands, sprint_mu_zot1]

Skill      XL: |  1  2  3  4  5  6  7  8  9 10 |
---------------+-------------------------------+-----
Fighting       | 5 7 8 11 13 15 16 19 | 19.7
Maces & Flails | 5 7 8 11 13 15 17 19 | 19.9
Armour         | 3 4 5 6 7 8 9 10 | 10.5
Dodging        | 3 4 5 6 7 8 9 11 | 11.4
Stealth        | 1 2 3 4 6 |  6.4
Evocations     | |  0.6

Action                   |  1- 3 |  4- 6 |  7- 9 | 10-12 || total
-------------------------+-------+-------+-------+-------++-------
Melee: Mace              |    17 |    25 |    56 |       ||    98
       Headbutt          |     3 |     6 |    23 |    14 ||    46
       Morningstar       |       |       |    23 |    69 ||    92
       Punch             |       |       |     1 |     2 ||     3
Invok: Berserk           |     1 |     2 |     4 |     2 ||     9
Evoke: Phantom mirror    |       |       |       |     2 ||     2
  Use: Potion            |       |     4 |       |       ||     4
 Stab: Sleeping          |       |       |       |     2 ||     2
Armor: Leather armour    |     2 |     3 |     5 |     5 ||    15
Dodge: Dodged            |     7 |    13 |    34 |    34 ||    88

Table legend: (Time is in decaauts)
 A = Elapsed time spent in this place.
 B = Non-inter-level travel time spent in this place.
 C = Inter-level travel time spent in this place.
 D = Time resting spent in this place.
 E = Time spent auto-exploring this place.
 F = Levels seen in this place.
 G = Mean time per level.
                   A        B        C        D        E       F      G
               +--------+--------+--------+--------+--------+-----+--------+
         Total |   2637 |   2637 |      0 |   1782 |    320 |   1 | 2637.0 |
       Dungeon |   2637 |   2637 |      0 |   1782 |    320 |   1 | 2637.0 |
               +--------+--------+--------+--------+--------+-----+--------+

Top non-repeatable levels by time:
       D: 2637 daAuts
